 Seeded DCSS version 0.28-a0-1447-ga5a8893891 (webtiles) character file.

Game seed: 20220110 (custom seed)

280 a11behringer the Slasher (level 6, -9/53 HPs)
             Began as a Minotaur Fighter on Jan 10, 2022.
             Killed by nerve-wracking pain
             ... invoked by Grinder
              (13 damage)
             ... on level 4 of the Dungeon.
             The game lasted 00:06:28 (1905 turns).

a11behringer the Slasher (Minotaur Fighter)         Turns: 1905, Time: 00:06:28

Health: -9/53      AC:  8    Str: 22    XL:     6   Next: 5%
Magic:  5/5        EV:  9    Int:  5    God:
Gold:   197        SH:  4    Dex: 10    Spells: 5/5 levels left

rFire   . . .      SeeInvis .   a - +0 long sword
rCold   . . .      Faith    .   c - +0 buckler
rNeg    . . .      Spirit   .   b - +0 scale mail
rPois   .          Reflect  .   (helmet restricted)
rElec   .          Harm     .   f - +0 cloak
rCorr   .          Rampage  .   (no gloves)
Will    .....                   (no boots)
Stlth   ..........              g - amulet of regeneration
HPRegen 0.97/turn               (no ring)
MPRegen 0.09/turn               (no ring)

@: lethally poisoned (-9 -> -12)
A: horns 2, retaliatory headbutt
a: no special abilities


You were on level 4 of the Dungeon.
You visited 1 branch of the dungeon, and saw 4 of its levels.

You collected 197 gold pieces.

Inventory:

Hand Weapons
 a - a +0 long sword (weapon)
Missiles
 i - 8 boomerangs (quivered)
 j - 26 bolts
 o - 40 sling bullets
Armour
 b - a +0 scale mail (worn)
 c - a +0 buckler (worn)
 d - an orb of mayhem
 f - a +0 cloak (worn)
Jewellery
 g - an amulet of regeneration (around neck)
Scrolls
 e - 4 scrolls of identify {unknown}
 h - a scroll of summoning {unknown}
 k - a scroll of teleportation {unknown}
 l - a scroll of fog {unknown}
 p - a scroll of torment {unknown}
 q - a scroll of vulnerability {unknown}
 r - a scroll of noise {unknown}
Potions
 m - a potion of magic {unknown}
 n - a potion of lignification {unknown}


   Skills:
 + Level 4.5 Fighting
 * Level 6.0 Long Blades
 + Level 5.0 Armour
 + Level 0.6 Dodging
 + Level 4.0 Shields


You had 5 spell levels left.
You didn't know any spells.
Your spell library contained the following spells:

 Spells                   Type           Power      Damage    Failure   Level
 Conjure Flame            Conj/Fire      0%         6-21      99%         3
 Ignite Poison            Fire/Tmut/Pois 0%         N/A       99%         3
 Sticky Flame             Conj/Fire      0%         2d3       100%        4


Dungeon Overview and Level Annotations

Branches:
Dungeon (4/15)
 Temple: D:4-7

Altars:
Elyvilon
Qazlal
Uskayaw
Xom

Annotations:
D:3 2 runed translucent doors
D:4 Grinder


Innate Abilities, Weirdness & Mutations

You have a pair of horns on your head.
You reflexively headbutt those who attack you in melee.


Message History

You hit the scorpion.
The scorpion is lightly wounded.
You feel sick.
The scorpion stings you but does no damage.
You barely miss the scorpion.
The scorpion is lightly wounded.
You feel sick. The scorpion stings you.
You are more poisoned.
The scorpion poisons you!
You barely miss the scorpion.
The scorpion is lightly wounded.
You feel very sick. The scorpion stings you. The scorpion stings you!
You are more poisoned.
The scorpion poisons you!
You slash the scorpion!
The scorpion is severely wounded.
You feel very sick.
The hound skeleton bites you but does no damage.
The scorpion stings you!
* * * LOW HITPOINT WARNING * * *
You hit the scorpion but do no damage. Your headbutt misses the scorpion.
The scorpion is severely wounded.
* * * LOW HITPOINT WARNING * * *
You feel very sick.
The hound skeleton completely misses you.
The scorpion stings you but does no damage.
You hit the scorpion. You headbutt the scorpion.
The scorpion is almost dead.
* * * LOW HITPOINT WARNING * * *
You feel very sick. The scorpion closely misses you. x2
* * * LOW HITPOINT WARNING * * *
You feel very sick.
* * * LOW HITPOINT WARNING * * *
You feel sick.
Grinder says, "DUCK!"
Grinder gestures at you. Pain shoots through your body!
You die...

..... ...... ......
≈≈ ......### ≈≈≈
#......)###
.≈≈≈#..#...Z+.###
#≈≈≈###...s5#...##.#
#8.8.8.####........
+..... #@######.
#8.8.8#####.#
###......#
#..####### #..# #..#
#..# #..# #..#


You could see Grinder and a hound skeleton.

Vanquished Creatures
  A necrophage (D:3)
  A water moccasin skeleton (D:4)
  Jessica (D:2)
  An orc wizard (D:3)
  3 adders
  A worm (D:3)
  14 orcs
  5 bats
  5 endoplasms
  A giant cockroach (D:2)
  3 hobgoblins
  3 jackals (D:2)
  5 kobolds
  5 ball pythons
  3 frilled lizards
  5 rats
57 creatures vanquished.

Notes
Turn   | Place    | Note
-------+----------+-------------------------------------------
     0 | D:1      | a11behringer the Minotaur Fighter began the quest for the
                  | Orb.
     0 | D:1      | Reached XP level 1. HP: 19/19 MP: 0/0
   435 | D:1      | Reached skill level 3 in Long Blades
   441 | D:1      | Reached XP level 2. HP: 27/27 MP: 1/1
   719 | D:2      | Noticed Jessica
   721 | D:2      | Killed Jessica
   722 | D:2      | Reached XP level 3. HP: 27/33 MP: 2/2
   875 | D:2      | Reached skill level 4 in Long Blades
   883 | D:2      | Reached XP level 4. HP: 36/40 MP: 3/3
  1090 | D:3      | Found a white marble altar of Elyvilon.
  1300 | D:3      | Noticed a necrophage
  1307 | D:3      | Killed a necrophage
  1308 | D:3      | Reached skill level 5 in Long Blades
  1308 | D:3      | Reached XP level 5. HP: 45/47 MP: 4/4
  1465 | D:3      | Found a large runed translucent door.
  1465 | D:3      | Found a large runed translucent door.
  1492 | D:3      | Found a hide-covered altar of Uskayaw.
  1506 | D:3      | Found a stormy altar of Qazlal.
  1564 | D:3      | Found a shimmering altar of Xom.
  1568 | D:3      | Found a faded altar of an unknown god.
  1795 | D:4      | Noticed Grinder
  1807 | D:4      | Paralysed by Grinder for 5 turns
  1895 | D:4      | Reached skill level 6 in Long Blades
  1895 | D:4      | Reached skill level 5 in Armour
  1895 | D:4      | Reached XP level 6. HP: 53/53 MP: 5/5
  1905 | D:4      | Killed from afar by Grinder

Illustrated notes

Levels and vault maps discovered:
D:1:      ncdulo_wetmaze, layout_basic
D:2:      layout_basic, uniq_jessica
D:3:      due_chaos_kobolds, layout_loops_ring, grunt_temple_overflow_open,
          amcnicky_altar_gilded, ebering_ecumenical_altar_abandoned
D:4:      minmay_general_purpose_star, layout_basic, kennysheep_orc_sif_temple,
          mainiacjoe_overflow_six_doors_small, bloody_trog, uniq_grinder

Skill      XL: |  1  2  3  4  5 |
---------------+----------------+-----
Long Blades    | 3 4 5 6 |  6.0
Fighting       | 4 |  4.5
Armour         | 4 5 |  5.0
Shields        | 4 |  4.0
Dodging        | |  0.6

Action                   |  1- 3 |  4- 6 || total
-------------------------+-------+-------++-------
Melee: Long sword        |    59 |    97 ||   156
       Headbutt          |     8 |    12 ||    20
  Use: Potion            |       |     1 ||     1
Armor: Scale mail        |    42 |    41 ||    83
Dodge: Dodged            |    28 |    38 ||    66
Block: Buckler           |    15 |    17 ||    32

Table legend: (Time is in decaauts)
 A = Elapsed time spent in this place.
 B = Non-inter-level travel time spent in this place.
 C = Inter-level travel time spent in this place.
 D = Time resting spent in this place.
 E = Time spent auto-exploring this place.
 F = Levels seen in this place.
 G = Mean time per level.
                   A        B        C        D        E       F      G
               +--------+--------+--------+--------+--------+-----+--------+
         Total |   1945 |   1742 |    203 |      0 |   1327 |   4 |  486.2 |
       Dungeon |   1945 |   1742 |    203 |      0 |   1327 |   4 |  486.2 |
               +--------+--------+--------+--------+--------+-----+--------+

Top non-repeatable levels by time:
     D:3: 764 daAuts
     D:1: 673 daAuts
     D:2: 417 daAuts
     D:4: 91 daAuts
